 Dungeon Crawl Stone Soup version 0.28.0-43-g3370ac3207 (webtiles) character file.

Game seed: 6523104250706913879

10203 pkoi the Martial Artist (level 11, -10/86 HPs)
             Began as a Black Draconian Monk on Mar 4, 2022.
             Was a Priest of Okawaru.
             Mangled by a large abomination (23 damage)
             ... on level 2 of the Abyss.
             The game lasted 00:27:10 (15657 turns).

pkoi the Martial Artist (Black Draconian Monk)     Turns: 15657, Time: 00:27:10

Health: -10/86     AC: 18    Str: 17    XL:     11   Next: 33%
Magic:  11/16      EV: 20    Int: 16    God:    Okawaru [***...]
Gold:   554        SH:  0    Dex: 20    Spells: 6/17 levels left

rFire   . . .      SeeInvis .     - Unarmed
rCold   . . .      Faith    .   (no shield)
rNeg    . . .      Spirit   .   (armour unavailable)
rPois   .          Reflect  .   (helmet restricted)
rElec   +          Harm     .   s - +1 cloak
rCorr   .          Rampage  .   q - +2 pair of gloves
Will    .....                   j - +1 pair of boots of Elitism {Str+3 Int+2}
Stlth   ++++......              (no amulet)
HPRegen 0.24/turn               h - +4 ring of protection
MPRegen 0.15/turn               b - +6 ring of dexterity

@: heroic, finesse-ful
A: breathe lightning, AC +7, unfitting armour, electricity resistance,
cold-blooded
a: Breathe Lightning, Renounce Religion, Heroism


You were on level 2 of the Abyss.
You worshipped Okawaru.
Okawaru was most pleased with you.
You visited 2 branches of the dungeon, and saw 11 of its levels.
You visited the Abyss 1 time.
You also visited: Ossuary and Bailey.

You collected 701 gold pieces.
You spent 147 gold pieces at shops.

Inventory:

Hand Weapons
 a - a +0 dagger of venom
 x - a +2 short sword of venom
Missiles
 d - 4 javelins (quivered)
 E - a curare-tipped dart
Armour
 j - the +1 pair of boots of Elitism (worn) {Str+3 Int+2}
   (You found it on level 2 of the Dungeon)

   Str:       It affects your strength (+3).
   Int:       It affects your intelligence (+2).
 q - a +2 pair of gloves (worn)
 s - a +1 cloak (worn)
Jewellery
 b - a +6 ring of dexterity (right hand)
 c - a ring of protection from fire
 f - a ring of flight
 h - a +4 ring of protection (left hand)
 k - a ring of resist corrosion
 l - a ring of positive energy
 n - a ring of ice
 z - a +6 ring of dexterity
Wands
 r - a wand of paralysis (5)
 t - a wand of digging (2)
 C - a wand of flame (3)
Scrolls
 e - 5 scrolls of teleportation
 g - a scroll of blinking
 o - 2 scrolls of enchant armour
 u - a scroll of amnesia
 v - 2 scrolls of identify
 y - a scroll of magic mapping
 D - a scroll of brand weapon
Potions
 i - a potion of resistance
 m - 4 potions of attraction
 p - 5 potions of curing
 w - a potion of might
 A - 2 potions of haste
 B - a potion of cancellation
 F - a potion of heal wounds
 G - a potion of brilliance {unknown}


   Skills:
 - Level 5.0(10.0) Fighting
 - Level 6.0(11.0) Dodging
 - Level 3.0(8.0) Stealth
 * Level 13.5(18.5) Unarmed Combat
 + Level 3.6 Spellcasting
 + Level 3.7 Translocations
 - Level 3.0 Transmutations
 + Level 5.2 Air Magic
 + Level 5.7 Invocations


You had 6 spell levels left.
You knew the following spells:

 Your Spells              Type           Power      Damage    Failure   Level
a - Passwall              Tmut/Erth      5%         N/A       14%         2
b - Swiftness             Air            19%        N/A       6%          3
c - Blink                 Tloc           30%        N/A       5%          2
d - Airstrike             Air            9%         N/A       21%         4

Your spell library contained the following spells:

 Spells                   Type           Power      Damage    Failure   Level
 Shock                    Conj/Air       44%        1d5       6%          1
 Corpse Rot               Necr/Air       22%        N/A       9%          2
 Poisonous Vapours        Pois/Air       22%        N/A       9%          2
 Lesser Beckoning         Tloc           15%        N/A       11%         3
 Freeze                   Ice            8%         1d3       19%         1
 Slow                     Hex            8%         N/A       19%         1
 Ensorcelled Hibernation  Hex/Ice        4%         N/A       26%         2
 Confusing Touch          Hex            2%         N/A       47%         3
 Dazzling Flash           Conj/Hex       4%         N/A       47%         3
 Frozen Ramparts          Ice            4%         1d2       47%         3
 Vampiric Draining        Necr           2%         2d6       47%         3
 Ice Form                 Ice/Tmut       7%         N/A       67%         4
 Manifold Assault         Tloc           15%        N/A       71%         5
 Silence                  Hex/Air        5%         N/A       86%         5
 Hailstorm                Conj/Ice       2%         3d3       87%         4
 Agony                    Necr           2%         N/A       99%         5
 Summon Ice Beast         Ice/Summ       Unusable   N/A       N/A         4

Dungeon Overview and Level Annotations

Branches:
Dungeon (10/15)            Temple (1/1) D:6         Ossuary (visited)
 Bailey (visited)
   Lair: D:8-11         Orc: D:9-12

Altars:
Ashenzari
Cheibriados
Dithmenos
Elyvilon
Gozag
Hepliaklqana
Kikubaaqudgha
Makhleb
Nemelex Xobeh
Okawaru
Qazlal
Ru
Sif Muna
Trog
Uskayaw
Vehumet
Wu Jian
Xom
Yredelemnul
The Shining One

Shops:
D:4 *

Annotations:
D:10 Psyche


Innate Abilities, Weirdness & Mutations

You can breathe wild blasts of lightning.
Your glossy black scales are hard. (AC +7)
You cannot fit into any form of body armour.
You are resistant to electric shocks. (rElec)
You are cold-blooded and may be slowed by cold attacks.


Message History

The raiju is lightly wounded.
The raiju barely misses you. The raiju bites you but does no damage.
Unknown command.
You punch the raiju!
The raiju is heavily wounded.
The raiju bites you.
* * * LOW HITPOINT WARNING * * *
The raiju shocks you. You resist.
* * * LOW HITPOINT WARNING * * *
The raiju barely misses you.
You hit the raiju. You tail-slap the raiju.
The raiju is severely wounded.
The large abomination hits you!!
* * * LOW HITPOINT WARNING * * *
Unknown command.
You hit the raiju.
The raiju is severely wounded.
The raiju completely misses you. x2
Unknown command.
You hit the raiju.
The raiju is almost dead.
The large abomination completely misses you.
The raiju misses you.
The raiju bursts into living lightning!
The living lightning hits you. You resist.
* * * LOW HITPOINT WARNING * * *
The living lightning misses the raiju.
The raiju blinks! x2
You pummel the raiju!!
You kill the raiju!
That felt strangely unrewarding.
The large abomination hits you but does no damage.
Unknown command.
You can now deal lightning-fast blows.
You can no longer speed up your combat.
The raiju bites you!
* * * LOW HITPOINT WARNING * * *
The raiju shocks you. You resist.
* * * LOW HITPOINT WARNING * * *
The large abomination hits you!!
You die...

. .. . ..
X. .# ..#
##. #.
#..# #
#.#.#..
##.#h#.#
#§.X@##
#..#.#†.#
..#####
#.. #.#§
... .# #
#. ## ..
.


You could see a large abomination and a raiju.

Vanquished Creatures
  Snorg (D:10)
  2 two-headed ogres
  A sixfirhy (Abyss:2)
  A flayed ghost (Abyss:2)
  A deep elf pyromancer (D:9)
  Pikel (D:8)
  An ugly thing (D:10)
  2 worldbinders (Abyss:1)
  Maggie (D:7)
  A kobold demonologist (D:10)
  2 trolls (D:10)
  5 hornets
  3 raiju (Abyss:2)
  A vampire (D:9)
  A wraith (D:9)
  A shadow (Abyss:1)
  A wyvern (D:10)
  A ynoxinul (Abyss:1)
  A yak (D:10)
  Eustachio (D:6)
  3 steam dragons (D:9)
  An acid dragon (D:10)
  2 water moccasins
  6 orc warriors
  3 small abominations
  An ice beast (D:8)
  A black bear (D:7)
  3 sky beasts
  3 large abominations
  An ogre (D:6)
  A necrophage (D:6)
  2 phantoms
  4 centaurs
  3 lemures (D:7)
  3 kobold brigands
  Blork the orc (Temple)
  2 bullfrogs
  A scorpion (D:4)
  A water moccasin zombie (D:5)
  5 killer bees (D:9)
  3 howler monkeys
  A lava snake (D:10)
  A jelly (D:6)
  7 orc priests
  3 iron imps (D:9)
  A bullfrog skeleton (D:5)
  A centaur skeleton (D:6)
  4 iguanas
  8 orc wizards
  A killer bee zombie (D:7)
  14 mummies
  5 gnolls
  7 adders
  4 white imps
  5 ufetubi
  A worm (D:2)
  2 dart slugs (D:1)
  39 orcs
  4 endoplasms
  A giant cockroach (D:3)
  6 hobgoblins
  2 jackals (D:1)
  7 quokkas
  6 ball pythons
  3 bats
  3 frilled lizards
  4 gnoll skeletons (Ossuary)
  12 goblins
  2 hobgoblin zombies (D:7)
  21 kobolds
  4 kobold skeletons (Ossuary)
  5 rats
  11 rat skeletons (Ossuary)
274 creatures vanquished.

Vanquished Creatures (others)
  A sky beast (D:9)
1 creature vanquished.

Grand Total: 275 creatures vanquished

Notes
Turn   | Place    | Note
-------+----------+-------------------------------------------
     0 | D:1      | pkoi the Draconian Monk began the quest for the Orb.
     0 | D:1      | Reached XP level 1. HP: 19/19 MP: 1/1
   354 | D:1      | Reached XP level 2. HP: 26/26 MP: 2/2
   741 | D:1      | Found a faded altar of an unknown god.
   909 | D:2      | Reached skill level 4 in Unarmed Combat
  1520 | D:2      | Identified the +1 pair of boots of Elitism {Str+3 Int+2}
  1938 | D:3      | Reached XP level 3. HP: 17/31 MP: 3/3
  3545 | D:3      | Reached XP level 4. HP: 38/38 MP: 4/4
  3918 | D:4      | Found a hazy altar of Hepliaklqana.
  3919 | D:4      | Found a stormy altar of Qazlal.
  4525 | D:4      | Reached skill level 5 in Unarmed Combat
  4525 | D:4      | Reached XP level 5. HP: 17/45 MP: 5/5
  5339 | D:4      | Found Koekleco's General Store.
  5347 | D:4      | Bought a scroll of teleportation for 42 gold pieces
  5347 | D:4      | Bought a scroll of blinking for 105 gold pieces
  5474 | D:5      | Entered Level 5 of the Dungeon
  5474 | D:5      | Noticed a hornet
  5512 | D:5      | Noticed a phantom
  5533 | D:4      | Killed a phantom
  5534 | D:4      | Reached skill level 6 in Unarmed Combat
  5560 | D:5      | Reached XP level 6. HP: 34/51 MP: 6/6
  5815 | D:5      | Noticed a water moccasin
  5831 | D:4      | Killed a water moccasin
  5832 | D:4      | Reached skill level 7 in Unarmed Combat
  6403 | D:5      | Found a sacrificial altar of Ru.
  6413 | D:5      | Your scales start taking on a glossy black colour.
  6413 | D:5      | Reached XP level 7. HP: 54/57 MP: 7/7
  6413 | D:5      | Gained mutation: You are resistant to electric shocks.
                  | (rElec) [Black Draconian growth]
  6528 | D:5      | Paralysed by a hornet for 3 turns
  6531 | D:5      | Found a basalt altar of Yredelemnul.
  6531 | D:5      | HP: 2/57 [poisoned by a hornet]
  6535 | D:5      | Killed a hornet
  6536 | D:5      | Reached skill level 8 in Unarmed Combat
  6919 | D:6      | Reached skill level 9 in Unarmed Combat
  7297 | D:6      | Reached XP level 8. HP: 54/63 MP: 8/8
  7529 | D:6      | Found a staircase to the Ecumenical Temple.
  7541 | Temple   | Entered the Ecumenical Temple
  7792 | Temple   | Became a worshipper of Warmaster Okawaru
  7792 | Temple   | Reached * piety under Okawaru
  7792 | Temple   | Reached ** piety under Okawaru
  7896 | D:6      | Noticed Blork the orc
  8073 | Temple   | Killed Blork the orc
  8099 | D:6      | Reached skill level 10 in Unarmed Combat
  8099 | D:6      | Reached skill level 1 in Invocations
  8681 | D:6      | Noticed Eustachio
  8698 | D:6      | Killed Eustachio
  8818 | D:6      | Reached XP level 9. HP: 73/73 MP: 10/10
  8821 | D:6      | Learned a level 2 spell: Passwall
  8825 | D:6      | Learned a level 3 spell: Swiftness
  9023 | D:7      | Noticed Maggie
  9157 | D:7      | Reached skill level 5 in Fighting
  9193 | D:7      | Found a sand-covered staircase.
  9198 | D:7      | Reached skill level 1 in Air Magic
  9200 | Ossuary  | Entered an ossuary
  9479 | Ossuary  | Reached skill level 1 in Transmutations
  9561 | Ossuary  | Reached skill level 1 in Spellcasting
  9699 | D:7      | Reached *** piety under Okawaru
  9747 | D:7      | Noticed a two-headed ogre
  9755 | D:7      | Killed a two-headed ogre
  9756 | D:7      | Reached skill level 5 in Dodging
  9756 | D:7      | Reached skill level 11 in Unarmed Combat
 10013 | D:7      | Killed Maggie
 10013 | D:7      | Reached **** piety under Okawaru
 10401 | D:8      | Noticed Pikel
 10476 | D:8      | Found a flagged portal.
 10505 | Bailey   | Entered a bailey
 10788 | Bailey   | Noticed an orc knight
 10788 | Bailey   | Noticed an orc knight
 10863 | Bailey   | Reached XP level 10. HP: 81/81 MP: 14/14
 11011 | Bailey   | Identified the +0 shadow dragon scales "Wagyi" {Dex+4
                  | Stlth++++}
 11040 | Bailey   | Identified the +2 pair of gloves of Suujyvu {+Blink rElec
                  | rPois Will-}
 11385 | D:8      | Found a glowing golden altar of the Shining One.
 11526 | D:8      | Found a white marble altar of Elyvilon.
 11530 | D:8      | Found a hide-covered altar of Uskayaw.
 11616 | D:8      | Killed Pikel
 11617 | D:8      | Reached skill level 12 in Unarmed Combat
 11666 | D:9      | Noticed a deep elf pyromancer
 11678 | D:9      | Killed a deep elf pyromancer
 11763 | D:9      | Reached ***** piety under Okawaru
 11768 | D:9      | Learned a level 2 spell: Blink
 11921 | D:9      | Paralysed by a hornet for 2 turns
 11934 | D:9      | Reached skill level 1 in Translocations
 12182 | D:9      | Found a burning altar of Makhleb.
 12455 | D:8      | Learned a level 4 spell: Airstrike
 13029 | D:9      | Identified the +2 pair of gloves of Ataontagg {Fly rC-
                  | rCorr Stlth+} (Okawaru gifted it to you on level 9 of the
                  | Dungeon)
 13029 | D:9      | Received a gift from Okawaru
 13142 | D:9      | Identified the +2 robe "Ulleklyebb" {Slay+4}
 13207 | D:9      | Paralysed by a hornet for 3 turns
 13302 | D:9      | Found a radiant altar of Vehumet.
 13421 | D:9      | Reached skill level 13 in Unarmed Combat
 13471 | D:10     | Entered Level 10 of the Dungeon
 13856 | D:10     | Noticed Snorg
 13870 | D:10     | Killed Snorg
 13871 | D:10     | Reached skill level 5 in Invocations
 13871 | D:10     | Reached XP level 11. HP: 67/86 MP: 13/15
 13886 | D:10     | Found a broken altar of Ashenzari.
 14147 | D:10     | Noticed a white ugly thing
 14167 | D:10     | Killed a white ugly thing
 14171 | D:10     | Reached skill level 5 in Air Magic
 14292 | D:10     | Noticed a two-headed ogre
 14293 | D:10     | Noticed Psyche
 14305 | D:9      | Killed a two-headed ogre
 14548 | D:10     | Cast into level 1 of the Abyss (Psyche)
 14714 | Abyss:1  | Found a corrupted altar of Lugonu.
 15098 | Abyss:1  | Noticed a deep elf pyromancer
 15102 | Abyss:1  | Noticed a deep elf knight
 15104 | Abyss:1  | Noticed a deep elf zephyrmancer
 15104 | Abyss:1  | Noticed a deep elf knight
 15222 | Abyss:1  | Noticed a merfolk aquamancer
 15225 | Abyss:1  | Noticed a thrashing horror
 15329 | Abyss:2  | Noticed a sixfirhy
 15339 | Abyss:2  | Killed a sixfirhy
 15398 | Abyss:2  | Noticed a flayed ghost
 15407 | Abyss:2  | Killed a flayed ghost
 15657 | Abyss:2  | Mangled by a large abomination

Illustrated notes

Levels and vault maps discovered:
D:1:      scummos_arrival_forest, layout_loops_cross,
          dreamdust_ecumenical_altar_statues
D:2:      minmay_door_path, layout_basic
D:3:      layout_basic, hangedman_decor_riveting, grunt_decor_resistance
D:4:      layout_layer_cave, jmf_multi_god_temple, serial_shops,
          nicolae_shop_hallway_stairs, hangedman_decor_growths
D:5:      layout_rooms, mainiacjoe_overflow_surrounded_room,
          nicolae_ru_great_annihilating_truth, lemuel_flamethrower_1
D:6:      layout_gridville, minmay_temple_entry_large_hall, uniq_blork_the_orc,
          uniq_eustachio
D:7:      layout_basic, nicolae_ossuary_entry_giza, uniq_maggie
D:8:      layout_cave_pools, mainiacjoe_overflow_paths, minitemple,
          enter_bailey_7, uniq_pikel
D:9:      layout_irregular_city, mainiacjoe_overflow_alcove_2, demons_altar,
          hangedman_misty_isle
D:10:     layout_roguey, zin_statuary, mainiacjoe_overflow_catch_the_wave,
          david_lair_generic, kennysheep_kite_vault, uniq_psyche, uniq_snorg
Temple:   dpeg_chambers_temple
Abyss:2:  base: D:4, evilmike_abyss_exit_11

Skill      XL: |  1  2  3  4  5  6  7  8  9 10 11 |
---------------+----------------------------------+-----
Unarmed Combat | 4 5 6 7 9 10 11 13 | 13.5
Stealth        | 2 3 |  3.0
Dodging        | 3 4 5 6 |  6.0
Fighting       | 4 5 |  5.0
Invocations    | 1 2 5 |  5.7
Air Magic      | 3 4 5 |  5.2
Transmutations | 2 3 |  3.0
Spellcasting   | 2 3 |  3.6
Translocations | 3 |  3.7

Action                   |  1- 3 |  4- 6 |  7- 9 | 10-12 || total
-------------------------+-------+-------+-------+-------++-------
Melee: Dagger            |   193 |    17 |       |       ||   210
       Unarmed           |     6 |    84 |   364 |   314 ||   768
       Tailslap          |    26 |    18 |    66 |    48 ||   158
       Punch             |     6 |     7 |    26 |    26 ||    65
       Rapier            |       |    43 |       |       ||    43
       Short sword       |       |       |    15 |       ||    15
Throw: Javelin           |     1 |       |       |       ||     1
Invok: Heroism           |       |       |     5 |    16 ||    21
       Finesse           |       |       |       |     3 ||     3
 Abil: Breathe Lightning |       |       |     2 |     3 ||     5
  Use: Scroll            |       |    12 |     5 |     7 ||    24
       Potion            |       |     1 |     1 |     2 ||     4
 Stab: Sleeping          |     4 |     3 |    14 |     3 ||    24
       Invisible         |       |       |     1 |       ||     1
       Distracted        |       |       |     1 |       ||     1
Armor: Skin              |    67 |    61 |   157 |   144 ||   429
Dodge: Dodged            |   126 |   107 |   286 |   302 ||   821
